 Dungeon Sprint DCSS version 0.29-a0-297-g7659ce593d (webtiles) character file.

Game seed: 17868429896315562153

5000000 namelastname112 the Axe Maniac (level 23, -14/240 HPs)
             Began as a Demonspawn Monk on Mar 20, 2022.
             Was the Champion of Makhleb.
             Demolished by a destroyer
             ... wielding a +9 vorpal great sword
              (220 damage)
             ... in the Dungeon (Sprint VIII: "Arena of Blood").
             The game lasted 00:01:38 (50 turns).

namelastname112 the Axe Maniac (Demonspawn Monk)      Turns: 50, Time: 00:01:38

Health: -14/240    AC:  7    Str: 15    XL:     23   Next: 94%
Magic:  21/43      EV: 36    Int: 12    God:    Makhleb [******]
Gold:   0          SH:  0    Dex: 23    Spells: 55/55 levels left

rFire   . . .      SeeInvis .   j - +∞ Axe of Woe
rCold   . . .      Faith    .   (shield currently unavailable)
rNeg    . . .      Spirit   .   b - +0 robe
rPois   .          Reflect  .   (helmet unavailable)
rElec   +          Harm     .   (no cloak)
rCorr   .          Rampage  .   (no gloves)
Will    +....      NoTele   +   (no boots)
Stlth   ++++++++++              (no amulet)
HPRegen 0.50/turn               (no ring)
MPRegen 0.28/turn               (no ring)

@: no status effects
A: horns 3, thin metallic scales 3, ignite blood 3, robust 1, demonic magic 3
a: Renounce Religion, Minor Destruction, Lesser Servant of Makhleb, Major
Destruction, Greater Servant of Makhleb


You were in the Dungeon.
You worshipped Makhleb.
Makhleb was exalted by your worship.
You visited 1 branch

Inventory:

Hand Weapons
 a - a +0 hand axe
 j - the +∞ Axe of Woe (weapon)
   (You found it in the Dungeon)
Armour
 b - a +0 robe (worn)
Scrolls
 i - a scroll of blinking
Potions
 c - a potion of ambrosia
 d - a potion of curing
 e - a potion of heal wounds
 f - a potion of haste
 g - 2 potions of magic
 h - a potion of berserk rage


   Skills:
 O Level 27 Fighting
 + Level 16.9(19.1) Short Blades
 + Level 14.8(18.0) Long Blades
 O Level 27 Axes
 + Level 14.8(24.0) Maces & Flails
 + Level 14.8(24.0) Polearms
 + Level 14.8(19.4) Staves
 + Level 16.9(19.7) Slings
 + Level 16.9 Bows
 + Level 16.9 Crossbows
 + Level 16.9(19.7) Throwing
 + Level 16.9 Armour
 O Level 27 Dodging
 O Level 27 Stealth
 + Level 16.9 Shields
 + Level 16.9 Unarmed Combat
 + Level 16.9 Spellcasting
 + Level 18.3 Conjurations
 + Level 18.3 Hexes
 + Level 18.3 Summonings
 + Level 19.8 Necromancy
 + Level 16.9 Translocations
 + Level 16.9 Transmutations
 + Level 16.9 Fire Magic
 + Level 16.9 Ice Magic
 + Level 16.9 Air Magic
 + Level 16.9 Earth Magic
 + Level 18.3 Poison Magic
 + Level 23.1 Invocations
 + Level 18.3 Evocations


You had 55 spell levels left.
You didn't know any spells.
Your spell library was empty.

Dungeon Overview and Level Annotations

Branches:
Dungeon (1/1)

Altars:
Makhleb


Innate Abilities, Weirdness & Mutations

You have a pair of large horns on your head.
You are completely covered in thin metallic scales. (AC +4, rElec)
Your demonic aura causes all spilled blood to erupt in flames.
You are robust. (+10% HP)
Spells you cast and wands you use may paralyse nearby enemies.


Message History

Your Earth Magic skill increases to level 16!!!
Your Invocations skill increases to level 22!!!
You take 12 damage, and have 228/240 hp!
Unknown command!
You carve the bag of meat like a ham!
You pulverise the bag of meat into a thin bloody mist!
You annihilate the bag of meat!!!
Makhleb roars: ANNIHILATED!
You feel better!
You chop the sculptor of flesh into pieces!
You fatally mangle the sculptor of flesh!
You destroy the sculptor of flesh!!!
Makhleb roars: ANNIHILATED!
You chop the destroyer into pieces!!!
You pulverise the destroyer into a thin bloody mist!
You destroy the destroyer!!!
Makhleb roars: ANNIHILATED!
The meat berserker appears out of thin air!!!
A meat berserker comes into view! It is wielding a +9 BATTLEAXE!
The tyrant waves its bony arms in wide circles!
The air twists around and strikes you!!!!!!
The destroyer points at you and mumbles some strange words!
The destroyer blinks!!!
You hear a shout!!! x2
Your Conjurations skill increases to level 18!!!
Your Hexes skill increases to level 18!!!
Your Summonings skill increases to level 18!!!
Your Poison Magic skill increases to level 18!!!
Your Invocations skill increases to level 23!!!
Your Evocations skill increases to level 18!!!
You take 23 damage, and have 205/240 hp! 2 bags of meat and a destroyer come into view!
The destroyer is wielding a +9 vorpal great sword!
You hear a shout!!! x2
The meat berserker rages!
A large bag of meat comes into view! It is wielding a +9 giant spiked club!
You hear a shout!!!
The destroyer hits you with a +9 vorpal great sword!!!!!!!!!!!!!!!
DANG rip

.###.. ...###.......
......###............
......._..........Oo.
....#..)))#.......#.#.
. #_)<)_#..M§.......
.#..)))#V.○o.o#.#.#
.....O_..)..°o☼......
......###)z)).°°..#.#.
.###.....))###@oo.....
#..L....#.V°o.§....
#.......#.....O....
..z.o..............
............#...#OV
.o.........#....# O
.........## ....#
....# ...#O


You could see an accursed, 3 destroyers, a sculptor of flesh, a large bag of
meat (inner flame), 4 meat berserkers and 6 bags of meat.

Vanquished Creatures
  10 vampire knights (D)
  17 ogres (D)
  38 orcs (D)
  2 skeletal warriors (D)
67 creatures vanquished.

Notes
Turn   | Place    | Note
-------+----------+-------------------------------------------
     0 | D        | Found the +∞ Axe of Woe
     0 | D        | namelastname112 the Demonspawn Monk began the quest for the
                  | Orb.
     0 | D        | Reached XP level 1. HP: 18/18 MP: 1/1
     4 | D        | Became a worshipper of Makhleb the Destroyer
     4 | D        | Reached * piety under Makhleb
     4 | D        | Reached ** piety under Makhleb
     5 | D        | Noticed a bag of meat
     5 | D        | Noticed a bag of meat
     6 | D        | Noticed a bag of meat
     6 | D        | Noticed a bag of meat
     6 | D        | Noticed a bag of meat
     6 | D        | Noticed a bag of meat
     6 | D        | Noticed a bag of meat
     6 | D        | Noticed a meat berserker
     8 | D        | Noticed a meat berserker
     8 | D        | Noticed a bag of meat
     9 | D        | Noticed a meat berserker
     9 | D        | Noticed a bag of meat
    10 | D        | Noticed a bag of meat
    11 | D        | Killed a bag of meat
    11 | D        | Noticed a bag of meat
    11 | D        | Noticed a bag of meat
    11 | D        | Noticed a meat berserker
    12 | D        | Reached skill level 5 in Stealth
    12 | D        | Gained mutation: You are partially covered in thin metallic
                  | scales. (AC +2) [demonic ancestry]
    12 | D        | Reached XP level 2. HP: 43/43 MP: 2/2
    12 | D        | Gained mutation: You have a pair of small horns on your
                  | head. [demonic ancestry]
    12 | D        | Reached XP level 3. HP: 49/49 MP: 3/3
    12 | D        | Gained mutation: Spells you cast may paralyse adjacent
                  | enemies. [demonic ancestry]
    12 | D        | Reached XP level 4. HP: 56/56 MP: 4/4
    12 | D        | Gained mutation: Spells you cast may paralyse nearby
                  | enemies. [demonic ancestry]
    12 | D        | Reached XP level 5. HP: 62/62 MP: 5/5
    12 | D        | Gained mutation: Your demonic aura sometimes causes spilled
                  | blood to erupt in flames. [demonic ancestry]
    12 | D        | Reached XP level 6. HP: 69/69 MP: 6/6
    12 | D        | Reached XP level 7. HP: 75/75 MP: 7/7
    12 | D        | Gained mutation: Your demonic aura often causes spilled
                  | blood to erupt in flames. [demonic ancestry]
    12 | D        | Reached XP level 8. HP: 82/82 MP: 8/8
    12 | D        | Reached XP level 9. HP: 88/88 MP: 9/9
    12 | D        | Gained mutation: Your demonic aura causes all spilled blood
                  | to erupt in flames. [demonic ancestry]
    12 | D        | Reached XP level 10. HP: 95/95 MP: 10/10
    12 | D        | Killed a bag of meat
    12 | D        | Killed a bag of meat
    12 | D        | Killed a meat berserker
    12 | D        | Reached *** piety under Makhleb
    12 | D        | Killed a bag of meat
    12 | D        | Noticed a bag of meat
    13 | D        | Reached XP level 11. HP: 116/116 MP: 11/11
    13 | D        | Gained mutation: Spells you cast and wands you use may
                  | paralyse nearby enemies. [demonic ancestry]
    13 | D        | Reached XP level 12. HP: 124/124 MP: 12/12
    13 | D        | Reached XP level 13. HP: 130/130 MP: 13/13
    13 | D        | Noticed a bag of meat
    14 | D        | Killed a meat berserker
    14 | D        | Killed a meat berserker
    14 | D        | Reached **** piety under Makhleb
    15 | D        | Reached XP level 14. HP: 76/144 MP: 14/14
    15 | D        | Killed a bag of meat
    15 | D        | Noticed a meat berserker
    16 | D        | Reached XP level 15. HP: 107/151 MP: 15/15
    17 | D        | Reached skill level 10 in Stealth
    17 | D        | Reached ***** piety under Makhleb
    18 | D        | Killed a meat berserker
    19 | D        | Reached skill level 27 in Fighting
    19 | D        | Reached skill level 27 in Axes
    19 | D        | Gained mutation: You have a pair of horns on your head.
                  | [demonic ancestry]
    19 | D        | Reached XP level 16. HP: 167/167 MP: 16/16
    19 | D        | Noticed a meat berserker
    20 | D        | Noticed a meat berserker
    20 | D        | Noticed a meat berserker
    21 | D        | Noticed a meat berserker
    22 | D        | Reached skill level 27 in Dodging
    22 | D        | Reached skill level 15 in Stealth
    23 | D        | Killed a meat berserker
    23 | D        | Reached ****** piety under Makhleb
    23 | D        | Killed a meat berserker
    24 | D        | Reached XP level 17. HP: 174/174 MP: 17/17
    24 | D        | Killed a meat berserker
    25 | D        | Reached skill level 27 in Stealth
    25 | D        | Killed a meat berserker
    25 | D        | Killed a meat berserker
    26 | D        | Reached skill level 5 in Conjurations
    26 | D        | Reached skill level 5 in Hexes
    26 | D        | Reached skill level 5 in Summonings
    26 | D        | Reached skill level 5 in Necromancy
    26 | D        | Reached skill level 5 in Poison Magic
    26 | D        | Reached skill level 5 in Evocations
    26 | D        | Reached XP level 18. HP: 182/182 MP: 17/24
    27 | D        | Reached skill level 5 in Short Blades
    27 | D        | Reached skill level 5 in Slings
    27 | D        | Reached skill level 5 in Bows
    27 | D        | Reached skill level 5 in Crossbows
    27 | D        | Reached skill level 5 in Throwing
    27 | D        | Reached skill level 5 in Armour
    27 | D        | Reached skill level 5 in Shields
    27 | D        | Reached skill level 5 in Unarmed Combat
    27 | D        | Reached skill level 5 in Spellcasting
    27 | D        | Reached skill level 5 in Translocations
    27 | D        | Reached skill level 5 in Transmutations
    27 | D        | Reached skill level 5 in Fire Magic
    27 | D        | Reached skill level 5 in Ice Magic
    27 | D        | Reached skill level 5 in Air Magic
    27 | D        | Reached skill level 5 in Earth Magic
    28 | D        | Noticed a destroyer
    29 | D        | Noticed a meat berserker
    30 | D        | Reached skill level 5 in Long Blades
    30 | D        | Reached skill level 5 in Maces & Flails
    30 | D        | Reached skill level 5 in Polearms
    30 | D        | Reached skill level 5 in Staves
    30 | D        | Noticed a destroyer
    31 | D        | Killed a destroyer
    32 | D        | Reached skill level 10 in Invocations
    32 | D        | Killed a destroyer
    33 | D        | Gained mutation: You are mostly covered in thin metallic
                  | scales. (AC +3) [demonic ancestry]
    33 | D        | Reached XP level 19. HP: 189/189 MP: 18/31
    34 | D        | Reached skill level 10 in Necromancy
    34 | D        | Killed a meat berserker
    34 | D        | Noticed a destroyer
    35 | D        | Reached skill level 10 in Conjurations
    35 | D        | Reached skill level 10 in Hexes
    35 | D        | Reached skill level 10 in Summonings
    35 | D        | Reached skill level 10 in Poison Magic
    35 | D        | Reached skill level 10 in Evocations
    35 | D        | Noticed a destroyer
    35 | D        | Noticed a meat berserker
    35 | D        | Noticed a meat berserker
    36 | D        | Noticed a destroyer
    36 | D        | Noticed a destroyer
    36 | D        | Noticed a meat berserker
    36 | D        | Noticed a meat berserker
    36 | D        | Noticed a destroyer
    38 | D        | Noticed a meat berserker
    38 | D        | Noticed a destroyer
    39 | D        | Killed a meat berserker
    40 | D        | Reached skill level 10 in Short Blades
    40 | D        | Reached skill level 10 in Slings
    40 | D        | Reached skill level 10 in Bows
    40 | D        | Reached skill level 10 in Crossbows
    40 | D        | Reached skill level 10 in Throwing
    40 | D        | Reached skill level 10 in Armour
    40 | D        | Reached skill level 10 in Shields
    40 | D        | Reached skill level 10 in Unarmed Combat
    40 | D        | Reached skill level 10 in Spellcasting
    40 | D        | Reached skill level 10 in Translocations
    40 | D        | Reached skill level 10 in Transmutations
    40 | D        | Reached skill level 10 in Fire Magic
    40 | D        | Reached skill level 10 in Ice Magic
    40 | D        | Reached skill level 10 in Air Magic
    40 | D        | Reached skill level 10 in Earth Magic
    40 | D        | Gained mutation: You have a pair of large horns on your
                  | head. [demonic ancestry]
    40 | D        | Reached XP level 20. HP: 197/197 MP: 19/34
    40 | D        | Noticed a destroyer
    40 | D        | Noticed a meat berserker
    40 | D        | Noticed a meat berserker
    41 | D        | Killed a meat berserker
    41 | D        | Killed a meat berserker
    41 | D        | Killed a destroyer
    41 | D        | Noticed a destroyer
    42 | D        | Reached skill level 10 in Long Blades
    42 | D        | Reached skill level 10 in Maces & Flails
    42 | D        | Reached skill level 10 in Polearms
    42 | D        | Reached skill level 10 in Staves
    42 | D        | Killed a destroyer
    42 | D        | Killed a destroyer
    42 | D        | Killed a meat berserker
    42 | D        | Noticed a destroyer
    43 | D        | Reached skill level 15 in Necromancy
    43 | D        | Gained mutation: You are completely covered in thin
                  | metallic scales. (AC +4, rElec) [demonic ancestry]
    43 | D        | Reached XP level 21. HP: 204/204 MP: 19/37
    43 | D        | Killed a destroyer
    43 | D        | Noticed a destroyer
    44 | D        | Killed a destroyer
    44 | D        | Killed a destroyer
    45 | D        | Reached skill level 15 in Conjurations
    45 | D        | Reached skill level 15 in Hexes
    45 | D        | Reached skill level 15 in Summonings
    45 | D        | Reached skill level 15 in Poison Magic
    45 | D        | Reached skill level 15 in Evocations
    45 | D        | Gained mutation: You are robust. (+10% HP) [demonic
                  | ancestry]
    45 | D        | Reached XP level 22. HP: 204/233 MP: 20/40
    45 | D        | Killed a destroyer
    46 | D        | Reached skill level 15 in Short Blades
    46 | D        | Reached skill level 15 in Slings
    46 | D        | Reached skill level 15 in Bows
    46 | D        | Reached skill level 15 in Crossbows
    46 | D        | Reached skill level 15 in Throwing
    46 | D        | Reached skill level 15 in Armour
    46 | D        | Reached skill level 15 in Shields
    46 | D        | Reached skill level 15 in Unarmed Combat
    46 | D        | Reached skill level 15 in Spellcasting
    46 | D        | Reached skill level 15 in Translocations
    46 | D        | Reached skill level 15 in Transmutations
    46 | D        | Reached skill level 15 in Fire Magic
    46 | D        | Reached skill level 15 in Ice Magic
    46 | D        | Reached skill level 15 in Air Magic
    46 | D        | Reached skill level 15 in Earth Magic
    46 | D        | Noticed a tyrant
    47 | D        | Reached XP level 23. HP: 240/240 MP: 20/42
    47 | D        | Noticed an accursed
    49 | D        | Killed a destroyer
    50 | D        | Noticed a destroyer
    50 | D        | Noticed a large bag of meat
    50 | D        | Demolished by a destroyer

Illustrated notes

Levels and vault maps discovered:
D:        meatsprint

Skill      XL: |  1  2  3  4  5  6  7  8  9 10 11 12 13 14 15 16 17 18 19 20 21 22 23 |
---------------+----------------------------------------------------------------------+-----
Fighting       | 14 21 23 24 27 | 27.0
Axes           | 14 21 24 27 | 27.0
Dodging        | 13 19 21 25 27 | 27.0
Stealth        | 5 8 9 11 26 27 | 27.0
Short Blades   | 4 8 10 12 14 15 16 | 16.9
Long Blades    | 3 6 8 11 12 13 14 | 14.8
Maces & Flails | 3 6 8 11 12 13 14 | 14.8
Polearms       | 3 6 8 11 12 13 14 | 14.8
Staves         | 3 6 8 11 12 13 14 | 14.8
Slings         | 4 8 10 12 14 15 16 | 16.9
Bows           | 4 8 10 12 14 15 16 | 16.9
Crossbows      | 4 8 10 12 14 15 16 | 16.9
Throwing       | 4 8 10 12 14 15 16 | 16.9
Armour         | 4 8 10 12 14 15 16 | 16.9
Shields        | 4 8 10 12 14 15 16 | 16.9
Unarmed Combat | 4 8 10 12 14 15 16 | 16.9
Spellcasting   | 4 8 10 12 14 15 16 | 16.9
Conjurations   | 5 8 11 13 15 17 18 | 18.3
Hexes          | 5 8 11 13 15 17 18 | 18.3
Summonings     | 5 8 11 13 15 17 18 | 18.3
Necromancy     | 5 9 12 15 17 18 19 | 19.8
Translocations | 4 8 10 12 14 15 16 | 16.9
Transmutations | 4 8 10 12 14 15 16 | 16.9
Fire Magic     | 4 8 10 12 14 15 16 | 16.9
Ice Magic      | 4 8 10 12 14 15 16 | 16.9
Air Magic      | 4 8 10 12 14 15 16 | 16.9
Earth Magic    | 4 8 10 12 14 15 16 | 16.9
Poison Magic   | 5 8 11 13 15 17 18 | 18.3
Invocations    | 6 11 14 17 19 21 23 | 23.1
Evocations     | 5 8 11 13 15 17 18 | 18.3

Action                   |  1- 3 |  4- 6 |  7- 9 | 10-12 | 13-15 | 16-18 | 19-21 | 22-24 || total
-------------------------+-------+-------+-------+-------+-------+-------+-------+-------++-------
Melee: Executioner's axe |     1 |       |       |     1 |     5 |    10 |     9 |     5 ||    31

Table legend: (Time is in decaauts)
 A = Elapsed time spent in this place.
 B = Non-inter-level travel time spent in this place.
 C = Inter-level travel time spent in this place.
 D = Time resting spent in this place.
 E = Time spent auto-exploring this place.
 F = Levels seen in this place.
 G = Mean time per level.
                   A        B        C        D        E       F      G
               +--------+--------+--------+--------+--------+-----+--------+
         Total |     41 |     41 |      0 |      0 |      0 |   1 |   41.0 |
       Dungeon |     41 |     41 |      0 |      0 |      0 |   1 |   41.0 |
               +--------+--------+--------+--------+--------+-----+--------+

Top non-repeatable levels by time:
       D: 41 daAuts
